 Dungeon Crawl Stone Soup version 0.29-a0-717-g6dac4ea423 (webtiles) character file.

Game seed: 7909357101940854957

104 Sabo the Chopper (level 4, -4/40 HPs)
             Began as a Hill Orc Fighter on June 26, 2022.
             Was a Believer of Beogh.
             Killed from afar by Robin (16 damage)
             ... with a bolt of light
             ... on level 3 of the Dungeon.
             The game lasted 00:10:44 (2413 turns).

Sabo the Chopper (Hill Orc Fighter)                 Turns: 2413, Time: 00:10:44

Health: -4/40      AC:  8    Str: 20    XL:     4   Next: 80%
Magic:  4/4        EV:  9    Int:  8    God:    Beogh [**....]
Gold:   925        SH:  0    Dex: 10    Spells: 3/3 levels left

rFire   + . .      SeeInvis .   a - +0 war axe
rCold   . . .      Faith    .   c - +0 buckler
rNeg    . . .      Spirit   .   b - +1 scale mail
rPois   .          Reflect  .   (no helmet)
rElec   .          Harm     .   (no cloak)
rCorr   .          Rampage  .   (no gloves)
Will    .....                   (no boots)
Stlth   ..........              (no amulet)
HPRegen 0.13/turn               g - ring of protection from fire
MPRegen 0.09/turn               (no ring)

@: confused, mighty
A: no striking features
a: Renounce Religion, Smiting


You were on level 3 of the Dungeon.
You worshipped Beogh.
Beogh was pleased with you.
You visited 1 branch of the dungeon, and saw 3 of its levels.

You collected 925 gold pieces.

Inventory:

Hand Weapons
 a - a +0 war axe (weapon)
Missiles
 m - 4 boomerangs (quivered)
Armour
 b - a +1 scale mail (worn)
 c - a +0 buckler (worn)
Jewellery
 g - a ring of protection from fire (left hand)
Scrolls
 e - 2 scrolls of enchant armour
 j - a scroll of enchant weapon
 n - a scroll of acquirement
Potions
 f - 2 potions of lignification {unknown}
 h - a potion of heal wounds
 l - a potion of haste {unknown}


   Skills:
 + Level 4.0 Fighting
 + Level 4.6 Axes
 + Level 4.0 Armour
 + Level 0.8 Dodging
 + Level 3.7 Shields


You had 3 spell levels left.
You didn't know any spells.
Your spell library contained the following spells:

 Spells                   Type           Power      Damage    Failure   Level
 Sandblast                Erth           0%         2d4       85%         1
 Ensorcelled Hibernation  Hex/Ice        0%         N/A       94%         2
 Passwall                 Tmut/Erth      0%         N/A       94%         2
 Stone Arrow              Conj/Erth      0%         3d7       99%         3
 Swiftness                Air            0%         N/A       99%         3


Dungeon Overview and Level Annotations

Branches:
Dungeon (3/15)

Altars:
Beogh

Annotations:
D:3 Robin


Message History

Beogh accepts your kill.
You closely miss the goblin. The goblin hits you with a +0 dagger.
A giant cockroach comes into view.
Your Fighting skill increases to level 4!
The goblin hits you but does no damage. The goblin barely misses you.
The goblin completely misses you.
You slash the goblin!
You kill the goblin!
Beogh accepts your kill.
You slash the goblin!
You kill the goblin!
Beogh accepts your kill.
You closely miss the goblin. The goblin hits you but does no damage.
Robin roars a battlecry!
The goblin barely misses you. The goblin hits you but does no damage.
You closely miss the goblin. You slash the goblin!
You kill the goblin!
Beogh accepts your kill. The goblin closely misses you.
You barely miss the goblin. You block the goblin's attack.
You hit the goblin.
You kill the goblin!
Beogh accepts your kill.
Robin hits you from afar with a +0 trident of protection.
The hobgoblin hits you but does no damage.
Robin barely misses you.
You slash the hobgoblin!
You kill the hobgoblin!
Beogh accepts your kill. Robin hits you but does no damage.
The giant cockroach bites you but does no damage.
You slash the giant cockroach!
You kill the giant cockroach!
Beogh accepts your kill. You block Robin's attack.
Robin zaps a wand.
The bolt of light hits you!
You are confused.
* * * LOW HITPOINT WARNING * * *
You bump into the rock wall.
Robin zaps a wand.
The bolt of light hits you!
You are more confused.
You die...

##### ...# ########
#.###......#
#..........## #
#..........'.
####.#######..........##
!.....).)...........>##
####+##@###########...#
#)# #...# g)# ....# .#..
....## ..#.. .....# ..
#... ### ### .... #..
....♣ #.#


You could see Robin.

Vanquished Creatures
  Jessica (D:2)
  2 adders (D:2)
  2 worms (D:2)
  4 bats
  5 endoplasms
  2 giant cockroaches
  13 goblins
  5 hobgoblins
  2 jackals (D:1)
  3 kobolds
  A quokka (D:1)
  4 ball pythons
  A frilled lizard (D:2)
  4 rats
49 creatures vanquished.

Vanquished Creatures (others)
  A goblin (D:3)
1 creature vanquished.

Grand Total: 50 creatures vanquished

Notes
Turn   | Place    | Note
-------+----------+-------------------------------------------
     0 | D:1      | Sabo the Hill Orc Fighter began the quest for the Orb.
     0 | D:1      | Reached XP level 1. HP: 19/19 MP: 1/1
   360 | D:1      | Reached XP level 2. HP: 25/27 MP: 2/2
   847 | D:1      | Found a faded altar of an unknown god.
   857 | D:1      | Prayed at the altar of an unknown god.
   857 | D:1      | Became a worshipper of Beogh the Brigand
   857 | D:1      | Reached * piety under Beogh
  1236 | D:2      | Noticed Jessica
  1243 | D:2      | Killed Jessica
  1244 | D:2      | Reached XP level 3. HP: 25/33 MP: 3/3
  1405 | D:2      | Reached XP level 4. HP: 39/40 MP: 4/4
  2263 | D:2      | Identified 2 scrolls of acquirement
  2266 | D:2      | Acquired 795 gold pieces
  2366 | D:3      | Reached ** piety under Beogh
  2397 | D:3      | Noticed Robin
  2413 | D:3      | Killed from afar by Robin

Illustrated notes

Levels and vault maps discovered:
D:1:      minmay_arrival_solitary_statue, layout_loops_corners,
          shapermc_ecumenical_altar_flowoftime
D:2:      layout_basic, uniq_jessica
D:3:      layout_basic, portal_sewer_entry_a, serial_shops,
          nicolae_shop_bloodbath_and_beyond, chequers_garden, uniq_robin

Skill      XL: |  1  2  3  4 |
---------------+-------------+-----
Axes           | 3 4 |  4.6
Armour         | 4 |  4.0
Fighting       | 4 |  4.0
Dodging        | |  0.8
Shields        | |  3.7

Action                   |  1- 3 |  4- 6 || total
-------------------------+-------+-------++-------
Melee: War axe           |    53 |    56 ||   109
  Use: Scroll            |     2 |     5 ||     7
       Potion            |       |     2 ||     2
Armor: Scale mail        |    30 |    45 ||    75
Dodge: Dodged            |    25 |    44 ||    69
Block: Buckler           |    13 |    15 ||    28

Table legend: (Time is in decaauts)
 A = Elapsed time spent in this place.
 B = Non-inter-level travel time spent in this place.
 C = Inter-level travel time spent in this place.
 D = Time resting spent in this place.
 E = Time spent auto-exploring this place.
 F = Levels seen in this place.
 G = Mean time per level.
                   A        B        C        D        E       F      G
               +--------+--------+--------+--------+--------+-----+--------+
         Total |   2449 |   2449 |      0 |    424 |      0 |   3 |  816.3 |
       Dungeon |   2449 |   2449 |      0 |    424 |      0 |   3 |  816.3 |
               +--------+--------+--------+--------+--------+-----+--------+

Top non-repeatable levels by time:
     D:1: 1249 daAuts
     D:2: 1055 daAuts
     D:3: 145 daAuts
